Map: Kairos Junction LE

Players

Mez

  • Race: Terran Terran
  • League: Master
  • Spawn Location: 11:00

SlayerSBoxeR - Winner!

  • Race: Terran Terran
  • League: Master
  • Spawn Location: 5:00

VOD

Have the link to the VOD?

Description

Time

  • Played on: Aug. 7, 2019, 1:20 p.m.
  • Length: 7:00
Show
View Real Time Build Order
Export as new Build Order

Mez Terran 

Build Orders: Cyclone Opening, Reaper Expand 

Get SALT Encoding   

  12  0:01  SCV  
  13  0:13  SCV  
  14  0:17  Supply Depot  
  14  0:25  SCV  
  15  0:38  SCV  
  15  0:40  Barracks  
  16  0:44  Refinery  
  16  0:52  SCV  
  17  1:04  SCV  
  18  1:17  SCV  
  19  1:27  Reaper  
  19  1:29  Orbital Command  
  20  1:41  Command Center  
  20  1:49  Supply Depot  
  20  1:54  SCV  
  20  1:59  Marine  
  22  2:05  Factory  
  22  2:09  SCV  
  23  2:15  Refinery  
  23  2:20  Barracks Tech Lab  
  23  2:24  SCV  
  24  2:36  SCV  
  25  2:48  SCV  
  26  2:54  Cyclone  
  26  2:55  Orbital Command  
  26  2:57  Refinery, Marine  
  30  3:00  SCV  
  30  3:04  Starport  
  32  3:12  SCV  
  32  3:20  Barracks Tech Lab  
  32  3:24  SCV  
  32  3:26  Cyclone  
  36  3:30  SCV  
  37  3:37  SCV  
  37  3:40  Supply Depot  
  38  3:42  SCV  
  39  3:49  SCV  
  39  3:54  SCV  
  41  3:59  Raven  
  41  4:01  SCV  
  41  4:02  Widow Mine  
  46  4:07  SCV  
  44  4:13  SCV  
  44  4:15  Command Center, Supply Depot  
  45  4:17  Barracks Reactor  
  45  4:25  Siege Tank  
  48  4:33  SCV x2  
  48  4:38  Barracks, Supply Depot  
  50  4:39  Barracks  
  50  4:42  Raven  
  50  4:45  SCV x2  
  54  4:58  SCV x2  
  56  5:02  Supply Depot  
  56  5:05  Engineering Bay  
  56  5:08  Engineering Bay  
  56  5:12  Refinery  
  56  5:16  Siege Tank  
  56  5:20  SCV x2  
  61  5:24  Barracks  
  61  5:25  Barracks  
  61  5:29  Barracks Reactor  
  61  5:30  Barracks Reactor  
  61  5:32  Orbital Command  
  59  5:35  SCV  
  59  5:36  SCV  
  59  5:39  Supply Depot  
  61  5:48  SCV x2  
  63  5:56  Siege Tank, Marine  
  67  6:03  SCV x2  
  68  6:12  Marine x4  
  68  6:13  Barracks Reactor x2  
  68  6:15  SCV, Orbital Command  
  68  6:18  SCV  
  74  6:26  Supply Depot  
  74  6:27  Supply Depot  
  74  6:32  Marine x5  
Show
View Real Time Build Order
Export as new Build Order

SlayerSBoxeR Terran - Winner!

Build Orders: Cyclone Opening 

Get SALT Encoding   

  12  0:01  SCV  
  13  0:13  SCV  
  14  0:17  Supply Depot  
  14  0:25  SCV  
  15  0:30  Refinery  
  15  0:38  SCV  
  16  0:45  Barracks  
  16  0:50  SCV  
  17  1:03  SCV  
  18  1:11  Refinery  
  18  1:15  SCV  
  19  1:33  Orbital Command  
  19  1:36  Reaper  
  20  1:43  Factory  
  20  1:59  SCV  
  21  2:08  Reaper  
  21  2:11  SCV  
  23  2:32  Command Center, Supply Depot  
  23  2:37  Factory Tech Lab  
  23  2:41  Starport  
  23  2:53  Bunker  
  23  2:54  SCV  
  23  2:57  Marine  
  25  2:59  Cyclone  
  28  3:06  SCV  
  28  3:11  Supply Depot  
  29  3:18  SCV, Starport Tech Lab  
  30  3:25  Barracks Reactor  
  30  3:30  SCV  
  30  3:33  Refinery  
  31  3:42  SCV  
  31  3:45  Orbital Command  
  32  3:54  SCV  
  33  3:59  Raven  
  33  4:01  Marine x2  
  37  4:12  SCV  
  38  4:18  Siege Tank, Marine  
  38  4:19  Marine  
  38  4:21  Refinery  
  43  4:24  SCV  
  43  4:25  SCV  
  43  4:28  Supply Depot  
  45  4:36  SCV, Marine x2  
  45  4:37  SCV  
  49  4:44  Raven  
  51  4:49  SCV x2  
  51  4:51  Supply Depot  
  53  4:53  Siege Tank  
  53  4:54  Marine x2  
  58  5:01  SCV x2  
  58  5:05  Supply Depot  
  60  5:12  Marine x2  
  60  5:13  SCV x2  
  64  5:25  SCV x2  
  64  5:26  Siege Tank  
  64  5:27  Raven  
  71  5:29  Supply Depot  
  71  5:37  SCV  
  72  5:42  Command Center  
  72  5:48  Marine x2  
  72  5:49  SCV  
  75  5:54  Engineering Bay  
  75  5:55  Engineering Bay, SCV  
  76  6:01  SCV, Supply Depot  
  76  6:02  Supply Depot  
  77  6:08  SCV  
  76  6:13  SCV  
  77  6:20  SCV  
  77  6:21  Barracks  
  77  6:22  Barracks  
  77  6:24  Siege Tank  
  81  6:25  SCV  
  81  6:32  SCV  
  80  6:38  SCV  
Tags
 
Add a new tag
Caveats
  • Supply blocks, unpowered buildings, or Contaminate may cause inaccurate times.
  • Supply counts are checked every 10 seconds.